FIQ, neutral male gnomish Wizard -------- |...|.... ---|.---...-- |...|......... .---...|.-----.------ |.........| |....... --..d..*.--- |----.----------- .M..GV....... |.....|.........| --.---....... |.----|*......*.| .. |...... |.....-...%<....| |...-- ------|.........| |..^......| ----------- FIQ the Thaumaturge Experience level: 7 Strength: 12 Dexterity: 7 Constitution: 17 Intelligence: 15 Wisdom: 18 Charisma: 9 Health: 0(47) Energy: 69(105) Def: 5 Gold: 132 Moves: 3741 Dungeon seed: aVqpt8-_Kpq8Vv2l Game ID: FIQ_1444601749 Your Inventory: Coins $ - 132 gold pieces Weapons a - a blessed +2 quarterstaff (weapon in hands) f - an uncursed +2 aklys Armor e - an uncursed +0 cloak of magic resistance (being worn) n - a blessed +3 cloak of invisibility q - an uncursed +0 pair of jumping boots r - an uncursed +0 cloak of displacement y - a blessed +1 pair of high boots (being worn) z - an uncursed +0 pair of gauntlets of dexterity (being worn) Comestibles s - 2 uncursed food rations Q - an uncursed cream pie S - an uncursed tripe ration W - an uncursed lizard corpse Scrolls p - a blessed scroll of enchant weapon t - an uncursed scroll of magic mapping Tools b - an uncursed sack k - an uncursed skeleton key l - an uncursed oil lamp (lit) (0:1120) Gems g - an uncursed luckstone i - 2 uncursed amethyst stones N - 4 uncursed emeralds Contents of the sack: an uncursed scroll of create monster an uncursed scroll of enchant armor an uncursed scroll of food detection a cursed scroll of food detection an uncursed scroll of teleportation a cursed scroll of teleportation an uncursed spellbook of identify a cursed spellbook of levitation an uncursed spellbook of sleep a blessed potion of enlightenment an uncursed potion of monster detection a cursed potion of restore ability a cursed wand of enlightenment (0:12) an uncursed wand of sleep (0:4) Spells and supernatural/magical abilities: Name Level Category Fail Memory a - force bolt 1 attack 0% 82% m - magic missile 2 attack 0% 90% v - clairvoyance 3 divination 99% 83% z - sleep 1 enchantment 0% 100% I - identify 3 divination 99% 100% L - levitation 4 escape 100% 95% O - create monster 2 clerical 65% 82% W - pray for help -- divine ? -- Your skills at the end: Miscellaneous Skills wands [Basic] Weapon Skills quarterstaff [Basic] crossbow [Basic] Spellcasting Skills attack spells [Basic] enchantment spells [Basic] Final Attributes: You were devoutly aligned. You were poison resistant. You were magic-protected. You were telepathic. You had infravision. You were lucky. You had extra luck. Bad luck did not time out for you. Good luck did not time out for you. You are dead. Vanquished creatures: a ghost a giant mummy a warg a lizard a giant spider an orc mummy a brown pudding a dingo 4 Mordor orcs a shrieker a gnome lord 2 kobold mummies an elf zombie a ghoul a giant ant a little dog 2 floating eyes a dwarf a kobold lord 21 hill orcs a giant bat 2 monkeys 2 wererats 5 coyotes a gas spore 2 hobbits 2 large kobolds 4 geckos 3 hobgoblins 7 giant rats 5 cave spiders 2 brown molds a yellow mold a red mold 5 gnomes 7 garter snakes 7 jackals 2 foxes a kobold 4 newts 2 goblins 4 sewer rats 7 grid bugs a bat 5 lichens 2 kobold zombies 130 creatures vanquished. Voluntary challenges: You did not adorn yourself with jewelry or accessories. You had been an atheist until turn 1988. You used a wielded weapon 110 times, starting on turn 176. You did not apply a unicorn horn. You read items or engraved 42 times, starting on turn 3. You never genocided any monsters. You never polymorphed an object. You changed form 1 time, starting on turn 2841. You used no wishes. You never split a pudding. You never wrote Elbereth's name. You never violated your personal moral code. Dungeon overview: The Dungeons of Doom: levels 1 to 2 Level 1 some fountains a long staircase Level 2 an armor shop stairs to The Gnomish Mines The Gnomish Mines: levels 3 to 11 Level 3 stairs to The Dungeons of Doom Level 4 Level 5 Level 6 many shops, a temple to Thoth, a magic chest, some fountains Level 7 Level 8 Level 9 Level 10 Level 11 <- You were here History has recorded: On T:1 you entered the Dungeons of Doom to retrieve the Amulet of Yendor! On T:246 you advanced to experience level 2. On T:464 you reached level 2 of The Dungeons of Doom. On T:527 you advanced to experience level 3. On T:978 you reached level 1 of The Gnomish Mines. On T:1284 you reached level 2 of The Gnomish Mines. On T:1459 you reached level 3 of The Gnomish Mines. On T:1488 you reached level 4 of The Gnomish Mines. On T:1554 you entered the Minetown temple On T:1561 you opened a magic chest. On T:1564 you opened a magic chest. On T:1565 you opened a magic chest. On T:1570 you opened a magic chest. On T:1677 you advanced to experience level 4. On T:2031 you advanced to experience level 5. On T:2089 you opened a magic chest. On T:2212 you reached level 5 of The Gnomish Mines. On T:2598 you advanced to experience level 6. On T:2838 you reached level 6 of The Gnomish Mines. On T:3138 you reached level 7 of The Gnomish Mines. On T:3255 you reached level 8 of The Gnomish Mines. On T:3475 you advanced to experience level 7. On T:3581 you reached level 9 of The Gnomish Mines. On T:3581 you reached the bottom of the Mines. Score breakdown: Gold: 132 ( 13 points) Experience: 7 levels ( 600 points) Exploration: 11 levels ( 300 points) Discoveries: 25 items ( 1250 points) Variety of kills: 46 monsters ( 2000 points) Major goal: reached Mine's End ( 1000 points) Survival: died (score multiplied by 3) Total score: 15489 Latest messages: You put an emerald potion into the sack. You put a wand of sleep into the sack. You put a wand of enlightenment into the sack. The magic missile hits the warg! The magic missile bounces! The magic missile hits the warg! The magic missile hits you! The missiles bounce off! The warg bites! The vampire hits! The vampire bites! You die... Final status: Goodbye FIQ the Wizard, killed by a vampire... You died in The Gnomish Mines on dungeon level 11 with 15489 points, and 132 pieces of gold, after 3741 moves. You were level 7 with a maximum of 47 hit points when you died.